Cogmind - Beta 13 @@@ ROGUE MODE // 2024.04.15 @ 15:43:58 Player: sordeles Result: Destroyed by D-53 Grenadier with Mini Grenade Launcher Performance ------------- Evolutions (0) 0 Regions Visited (2) 400 Robots Destroyed (14) 70 Value Destroyed (286) 286 Prototype IDs (0) 0 Alien Tech Used (0) 0 Bonus (0) 0 TOTAL SCORE: 756 Bonus ------- None Cogmind --------- Core Integrity 0/250 Matter 296/300 Energy 100/100 System Corruption 0% Temperature Cool (0) Movement Core (350) Ox6 Location -10/Mines Parts ------- > --- POWER (1) -------- (None) > --- PROPULSION (2) --- (None) > --- UTILITY (2) ------ Large Storage Unit > --- WEAPON (2) ------- (None) > --- INVENTORY (15) --- Ion Engine Ion Engine Light Ion Engine Light Ion Engine Improved Heat Sink Medium Storage Unit Large Storage Unit Targeting Computer ECM Suite Weapon Shielding Light Assault Rifle Grenade Launcher Peak State ------------ > --- POWER ------------ Ion Engine > --- PROPULSION ------- Light Treads Light Treads > --- UTILITY ---------- Improved Heat Sink Small Storage Unit > --- WEAPON ----------- Light Assault Rifle Light Assault Rifle > --- INVENTORY -------- Light Ion Engine Wheel Small Battery Grenade Launcher [Rating: 9] Favorites ----------- Power Ion Engine Engine Ion Engine Propulsion Light Treads Treads Light Treads Leg Aluminum Leg Utility Small Storage Unit Device Improved Heat Sink Storage Small Storage Unit Protection Core Shielding Weapon Light Assault Rifle Ballistic Gun Light Assault Rifle Launcher Grenade Launcher Build | -11 -10 -10 ------- Run | Yrd Mat Min Slots Evolved . | . . . Power . | . . . Propulsion . | . . . Utility . | . . . Weapon . | . . . Parts Attached 19 | 6 9 4 Power 1 | 1 . . Engine 1 | 1 . . Core . | . . . Reactor . | . . . Propulsion 5 | 2 2 1 Treads 2 | 2 . . Leg 3 | . 2 1 Wheel . | . . . Hover . | . . . Flight . | . . . Utility 8 | 1 7 . Device 1 | . 1 . Storage 4 | 1 3 . Processor . | . . . Hackware . | . . . Protection 3 | . 3 . Artifact . | . . . Weapon 5 | 2 . 3 Energy Gun . | . . . Energy Cannon . | . . . Ballistic Gun 4 | 2 . 2 Ballistic Cannon . | . . . Launcher 1 | . . 1 Special Weapon . | . . . Impact Weapon . | . . . Slashing Weapon . | . . . Piercing Weapon . | . . . Special Melee Weapon . | . . . Unidentified Prototypes . | . . . Parts Lost 8 | . 1 7 Power 1 | . . 1 Propulsion 4 | . 1 3 Utility 1 | . . 1 Weapon 2 | . . 2 Highest Loss Streak 7 | . 1 7 To Critical Strikes . | . . . Average Slot Usage (%) 97 | . 98 91 Engine 13 | . 14 11 Treads 23 | . 26 . Leg 3 | . . 25 Device 4 | . 5 . Storage 14 | . 14 14 Protection 7 | . 6 14 Ballistic Gun 26 | . 28 13 Launcher 1 | . . 11 Naked Turns . | . . . Heaviest Build 37 | 12 37 30 Greatest Support 40 | 40 40 20 Greatest Overweight (x) 6 | . 1 6 Average Overweight (x) . | . . 1 Largest Inventory Capacity 15 | 8 15 15 Average Capacity 9 | 7 9 15 Most Carried 14 | 2 14 14 Average Carried 7 | 1 7 12 Final Capacity 15 | 8 15 15 Final Carried 12 | 2 12 12 Class Distribution -------------------- 100% | Mutant Dominant Class ---------------- Mutant | -10/Materials Mutant | -10/Mines Resources | -11 -10 -10 ----------- Run | Yrd Mat Min Matter Collected 442 | 179 250 13 Remotely . | . . . Salvage Created 341 | . 328 13 Parts 30 | . 24 6 Haulers Intercepted . | . . . Recyclers Shooed . | . . . Parts Field Recycled . | . . . Retrieved Matter . | . . . Parts Self-Destructed . | . . . Prevented . | . . . Kills | -11 -10 -10 ------- Run | Yrd Mat Min Combat Hostiles Destroyed 11 | . 8 3 Guns 8 | . 8 . AOE 3 | . . 3 Classes Destroyed 4 | . 4 . Worker 1 | . 1 . Watcher 2 | . 2 . Swarmer 6 | . 3 3 Grunt 5 | . 5 . Best Kill Streak 3 | . 2 3 Combat Bots Only 3 | . 2 3 Max Kills in Single Turn 3 | . 2 3 Gunslinging . | . . . Exploded 3 | . . 3 Melee . | . . . Uniques/NPCs Destroyed . | . . . Combat | -11 -10 -10 -------- Run | Yrd Mat Min Hostile Shots Fired 102 | . 53 49 Missed 32 | . 14 18 Damage Taken 1128 | . 411 717 Core 255 | . 40 215 Absorbed by Shields . | . . . Redirected to Shielding 52 | . 4 48 Core Remaining (%) 100 | 100 . . Volleys Fired 44 | . 42 2 Largest 2 | . 2 2 Hottest 40 | . 40 40 Shots Fired 87 | . 84 3 Gun 86 | . 84 2 Cannon . | . . . Launcher 1 | . . 1 Special . | . . . Kinetic 86 | . 84 2 Thermal . | . . . Explosive 1 | . . 1 Electromagnetic . | . . . Robot Hit Streak 17 | . 17 1 Robot Miss Streak 6 | . 6 1 Penetration Max . | . . . Secondary Targets . | . . . Shots Hit Robots 55 | . 54 1 Core Hits 26 | . 23 3 Critical Kills . | . . . Critical Parts Destroyed 2 | . 2 . Critical Strikes 2 | . 2 . Destroy 2 | . 2 . Melee Attacks . | . . . Impact . | . . . Slashing . | . . . Piercing . | . . . Sneak Attacks . | . . . Combat Hostiles . | . . . Follow-up Attacks . | . . . Damage Inflicted 579 | . 441 138 Guns 451 | . 441 10 Cannons . | . . . Explosions 128 | . . 128 Melee . | . . . Ramming . | . . . Kinetic 451 | . 441 10 Thermal . | . . . Explosive 128 | . . 128 Electromagnetic . | . . . Impact . | . . . Slashing . | . . . Piercing . | . . . Highest Corruption . | . . . Average Corruption . | . . . Corruption Purged . | . . . Corruption Blocked . | . . . Overload Shots . | . . . Overflow Damage 8 | . . 8 Projectiles . | . . . Explosions 8 | . . 8 Melee . | . . . Knockbacks . | . . . Impact . | . . . Kinetic . | . . . Secondary . | . . . Self-Inflicted Damage . | . . . Shots . | . . . Rammed . | . . . Targets Rammed . | . . . Kicked . | . . . Crushed . | . . . Highest Temperature 36 | . 36 . Average Temperature 12 | . 12 . Received Heat Transfer 191 | . 171 20 Siege Activations . | . . . Robots Corrupted . | . . . Combat Hostiles . | . . . Parts Fried . | . . . Impact Corruptions . | . . . Robots Melted . | . . . Combat Hostiles . | . . . Parts Melted . | . . . Heat Transferred . | . . . Parts Sabotaged . | . . . Parts Stolen . | . . . Parts Stripped . | . . . Power Chain Reactions . | . . . Alert | -11 -10 -10 ------- Run | Yrd Mat Min Peak Influence 115 | . 115 109 Initial 18 | . . 18 Average 39 | . 43 103 Maximum Alert Level . | . . . Low Security (%) 100 | 100 100 100 Level 1 . | . . . Level 2 . | . . . Level 3 . | . . . Level 4 . | . . . Level 5 . | . . . High Security . | . . . Max Security . | . . . Squads Dispatched . | . . . Investigation . | . . . Extermination . | . . . Reinforcement . | . . . Assault . | . . . Garrison . | . . . Intercept . | . . . Searches Triggered . | . . . Construction Impeded . | . . . Haulers Reinforced . | . . . Active Scanning Responses . | . . . Cargo Convoy Interrupts . | . . . Stealth | -11 -10 -10 --------- Run | Yrd Mat Min Distress Signals . | . . . Communications Jammed . | . . . Distress Signals . | . . . Times Spotted 41 | . 16 25 Peak Tracking Total 22 | . 4 22 Tactical Retreats 3 | . 3 . Traps | -11 -10 -10 ------- Run | Yrd Mat Min Traps Triggered . | . . . Indirectly . | . . . Trap Hack Attempts . | . . . Triggered . | . . . Disarmed . | . . . Reprogrammed . | . . . Reused . | . . . Traps Extracted . | . . . Installed . | . . . Triggered . | . . . Machines | -11 -10 -10 ---------- Run | Yrd Mat Min Machines Disabled 1 | . . 1 Max in Single Turn 1 | . . 1 Machines Repaired . | . . . Machines Dismantled . | . . . Machines Sabotaged . | . . . Overloaded Fab Kills . | . . . Hacking | -11 -10 -10 --------- Run | Yrd Mat Min Machines Accessed 2 | . 2 . Terminals 2 | . 2 . Fabricators . | . . . Repair Stations . | . . . Recycling Units . | . . . Scanalyzers . | . . . Garrison Access . | . . . Total Hacks 3 | . 3 . Successful 1 | . 1 . Failed 2 | . 2 . Catastrophic . | . . . Database Lockouts . | . . . Manual . | . . . Terminals 3 | . 3 . Fabricators . | . . . Repair Stations . | . . . Recycling Units . | . . . Scanalyzers . | . . . Garrison Access . | . . . Terminal Hacks 1 | . 1 . Locate Traps 1 | . 1 . Fabricator Hacks . | . . . Repair Station Hacks . | . . . Recycling Unit Hacks . | . . . Scanalyzer . | . . . Garrison Access Hacks . | . . . Unauthorized Hacks . | . . . Terminals . | . . . Fabricators . | . . . Repair Stations . | . . . Recycling Units . | . . . Scanalyzers . | . . . Garrison Access . | . . . Data Cores Recovered . | . . . Used . | . . . Hacking Detections 1 | . 1 . Full Trace Events . | . . . Feedback Events . | . . . Feedback Blocked . | . . . Robot Schematics Acquired . | . . . Robots Built . | . . . Authchips . | . . . Time . | . . . Total Robot Build Rating . | . . . Part Schematics Acquired . | . . . Parts Built . | . . . Authchips . | . . . Time . | . . . Total Part Build Rating . | . . . Parts Repaired . | . . . Time . | . . . Parts Recycled . | . . . Recycled Matter . | . . . Retrieved Matter . | . . . Retrieved Components . | . . . Parts Scanalyzed . | . . . Part Schematics Acquired . | . . . Parts Damaged . | . . . Bothacking | -11 -10 -10 ------------ Run | Yrd Mat Min Used RIF Installer . | . . . Robots Hacked . | . . . Non-combat . | . . . Combat . | . . . Robot Hacks Applied . | . . . Relay Couplers Released . | . . . Fabnet Peak Effective % . | . . . Robots Rewired . | . . . Allies Hacked . | . . . Hacks Repelled . | . . . Allies | -11 -10 -10 -------- Run | Yrd Mat Min Total Allies . | . . . Largest Group . | . . . Highest-Rated Group . | . . . Highest-Rated Ally . | . . . Total Orders . | . . . Ally Attacks . | . . . Total Damage . | . . . Kills . | . . . Allies Corrupted . | . . . Allies Melted . | . . . Intel | -11 -10 -10 ------- Run | Yrd Mat Min Robot Analysis Total . | . . . Derelict Logs Recovered 1 | . . 1 Drone Launches . | . . . Drone Recoveries . | . . . Exploration | -11 -10 -10 ------------- Run | Yrd Mat Min Turns Passed 1959 | 426 1352 181 Spaces Moved 925 | 139 699 87 Core 6 | 4 . 2 Treads 813 | 135 678 . Legs 106 | . 21 85 Wheels . | . . . Hover . | . . . Flight . | . . . Fastest Speed 50 | 50 160 190 Average Speed 164 | 156 161 196 Slowest Speed 350 | 160 240 350 Overloaded Moves . | . . . Propulsion Burnouts . | . . . Robots Hopped . | . . . Cave-ins Triggered . | . . . Exploration Rate (%) 37 | 8 79 25 Regions Visited 2 Branch Regions 1 Pre-discovered Areas . | . . . Known Exits Taken . | . . . Unknown Exits Taken 2 | 1 1 . Scrap Searched . | . . . Spaces Dug . | . . . Terrain Destroyed 6 | . . 6 Melee . | . . . Projectile . | . . . AOE 6 | . . 6 Terrain Rammed . | . . . Walls Destroyed . | . . . Machines Disabled . | . . . Actions | -11 -10 -10 --------- Run | Yrd Mat Min Total 1296 | 344 856 96 Wait 278 | 198 80 . Move 923 | 138 698 87 Hop . | . . . Pick Up 17 | 2 15 . Fast Attach 13 | 6 6 1 Attach 6 | . 3 3 Detach 8 | . 5 3 Swap . | . . . Drop 7 | . 7 . Fire 44 | . 42 2 Melee . | . . . Ram . | . . . Kick . | . . . Crush . | . . . Escape Stasis . | . . . Rewire . | . . . Trap . | . . . Miscellaneous . | . . . Route ------- -11/Scrapyard -10/Materials (discovered 3 exits: [*Mat x2] / [*Min]) -10/Mines (discovered 1 exit: [*Mat]) History --------- Turn | Location | Event 3 | -11/Scrapyard | Discovered new exit (range 16) 427 | -11/Scrapyard | Entered Materials 428 | -10/Materials | Build established: Mutant 708 | -10/Materials | Discovered new exit (range 9) 936 | -10/Materials | Discovered new exit (range 16) 1450 | -10/Materials | Discovered new exit (range 12) 1779 | -10/Materials | Entered Mines 1866 | -10/Mines | Met a Derelict bent on vengeance 1899 | -10/Mines | Discovered new exit (range 6) 1934 | -10/Mines | Assembled infested the area 1955 | -10/Mines | Core integrity fell below 50% 1959 | -10/Mines | Core integrity fell below 20% 1960 | -10/Mines | Destroyed by D-53 Grenadier with Mini Grenade Launcher Last Messages --------------- as-91902 destroyed. as-23187 destroyed. as-51512 destroyed. as-14883 destroyed. as-41722 destroyed. Aluminum Leg destroyed. as-77222 destroyed. as-40006 destroyed. as-09852 destroyed. as-18412 destroyed. K-01 Serf collects debris. as-95198 destroyed. as-60089 destroyed. Aluminum Leg destroyed. The unstable cave ceiling collapses. K-01 Serf collects debris. Lgt. Assault Rifle destroyed. The unstable cave ceiling collapses. as-73124 destroyed. Core Shielding destroyed. Map ----- +----------------------------------------------------+ | | | | | | | | | | | | | | | | | | | | | | | ?????????????????????????????????????????????????? | | ????????????????????#############????????????????? | | ????????????????????# #?????????######## | | ????????????????????# """ """ #?????????# | | ????????????????????# """ """ #?????????# | | ????????????????????# """ """ #?????????# """ | | ????????????????????# #?????????# " | | ????????????????????# #???#####?# | | ????????????????????# < #???? #?# = | | ????????????????????# #????# #?# [ | | ????????????????????#### % ######????# #?#== * | | ?????????????????????# #????# #### | | ?????????????????????# # #???## ######### | | ?????????????????????# k ##### | | ????????????????????## @ | | ????????????????????# ###### ######## | | ????????????????????# #???# #??????? | | ????????????????????# d ##?# ##??????? | | ????????????????????# d #?# #???????? | | ????????????????????## #?# ##???????? | | ?????????????????????## #?## #????????? | | ??????????????????????## #?## ????????? | | ???????????????????????## % #?## ???????? | | ???????????????????????## #??# ???????? | | ???????????????????????# #?? ??????? | | ??????????????????????# u ? ??????? | | ????????????????????? % #?????? | | ???????????????????? ##=| ##?????? | | ??????????????????? #?##% #???????? | | ??????????????????## #???#! ???????? | | ???????????????????###????# % = ????????? | | ??????????????????????????## = % #????????? | | ???????????????????????????## ??????????? | | ?????????????????????????????# ????????????? | | ??????????????????????????????### ???????????????? | | ?????????????????????????????????????????????????? | | ?????????????????????????????????????????????????? | | ?????????????????????????????????????????????????? | | ?????????????????????????????????????????????????? | +----------------------------------------------------+ Best States ------------- Heat Dissipation 39 Energy Generation 10 Energy Capacity 350 Matter Stores 300 Matter Capacity 300 Sight Range 16 Terrain Scan Density 10 Core Shielding 20 Weapon Shielding 33 Evasion (%) 40 Recoil Reduction 2 Item Schematics ----------------- None Robot Schematics ------------------ None Fabricated ------------ Nothing Alien Tech Used ----------------- None Achievements -------------- Hunted Challenges ------------ None Game ------ Seed PrecisionMediumBlade Manual? 0 Play Time 00:17:39 Cumulative 3.0 hours Start 2024.04.15 @ 15:28:41 End 2024.04.15 @ 15:43:58 Sessions 1 Manual Loads 0 Difficulty Rogue Special Mode None Game No. 7 Rogue 7 Adventurer 0 Explorer 0 Win Type - Total 0 Types 0/0/0/0/0/0/0/0/0 Lore% 0 Gallery% 7 Achievement% 4 Wizard Run 0 Options --------- Layout 1 ASCII 0 Keyboard 1 Movement Numpad Keybinds 0 Fullscreen 1 Font 32/Terminus Map View 50x35 Zoom Use 0% Tactical HUD 0 Map Filters NONE Filters NONE Steam 1 RUN: 272e6c5d-b8e4-44a4-aa10-36b055111697